 Dungeon Crawl Stone Soup version 0.17.0-24-gcfadda4 (webtiles) character file.

1511 Sorcv the Covert (level 8, 0/56 HPs)
             Began as a Mummy Enchanter on Nov 15, 2015.
             Killed by divine providence
             ... invoked by an orc priest
              (14 damage)
             ... on level 3 of the Dungeon.
             The game lasted 00:15:46 (3281 turns).

Sorcv the Covert (Mummy Enchanter)                  Turns: 3281, Time: 00:15:46

Health: 0/56       AC: 12    Str: 11    XL:     8   Next: 53%
Magic:  1/20       EV: 13    Int: 14    God:
Gold:   199        SH:  4    Dex: 15    Spells: 3 memorised, 5 levels left

rFire  . . .     SeeInvis .     a - +2 dagger
rCold  + . .     Clarity  .     n - +1 robe {rF+}
rNeg   + + +     SustAt   .     o - +0 buckler
rPois  ∞         Gourm    .     d - +0 helmet
rElec  .         Spirit   .     h - +1 cloak
rCorr  .         Warding  .     e - +0 pair of gloves
rMut   .         Stasis   .     (no boots)
MR     +....                    (no amulet)
Stlth  ++++......               i - +5 ring of protection
                                l - ring of magical power

@: very slightly contaminated, somewhat resistant to hostile enchantments,
stealthy
A: no food or potions, fire vulnerability, cold resistance 1, negative energy
resistance 3, torment resistance, unbreathing
a: no special abilities


You were on level 3 of the Dungeon.
You were not hungry.

You visited 2 branches of the dungeon, and saw 7 of its levels.

You collected 199 gold pieces.

Inventory:

Hand Weapons
 a - a +2 dagger (weapon)
Missiles
 j - a throwing net (quivered)
Armour
 b - a +1 robe
 d - a +0 helmet (worn)
 e - a +0 pair of gloves (worn)
 h - a +1 cloak (worn)
 n - a +1 robe of fire resistance (worn)
 o - a +0 buckler (worn)
Jewellery
 i - a +5 ring of protection (right hand)
 l - a ring of magical power (left hand)
Wands
 k - a wand of magic darts (7)
Scrolls
 f - 2 scrolls of blinking
 m - a scroll of random uselessness {unknown}
Books
 c - a book of Maledictions

   Spells                             Type                      Level
   a - Corona                         Hexes                        1
   b - Ensorcelled Hibernation        Hexes/Ice                    2
   c - Confuse                        Hexes                        3
   d - Tukima's Dance                 Hexes                        3
   e - Dazzling Spray                 Conjuration/Hexes            3
 g - a Grand Grimoire

   Spells                             Type                      Level
   a - Monstrous Menagerie            Summoning                    6
   b - Summon Greater Demon           Summoning                    7
   c - Malign Gateway                 Summoning/Translocation      7
   d - Summon Horrible Things         Summoning                    8


   Skills:
 - Level 2.0 Fighting
 - Level 3.1 Short Blades
 + Level 3.3 Dodging
 * Level 8.0 Stealth
 + Level 0.4 Shields
 - Level 2.0 Spellcasting
 - Level 4.0 Hexes


You had 5 spell levels left.
You knew the following spells:

 Your Spells              Type           Power        Failure   Level  Hunger
a - Corona                Hex            ##.....      10%         1    N/A
b - Ensorcelled Hibernat  Hex/Ice        #.....       24%         2    N/A
c - Confuse               Hex            ##......     21%         3    N/A

Dungeon Overview and Level Annotations

Branches:
Dungeon (6/15)             Temple (1/1) D:4

Altars:
Cheibriados
Dithmenos
Fedhas
Gozag
Kikubaaqudgha
Nemelex Xobeh
Qazlal
Ru
Sif Muna
Trog
Vehumet
Zin
The Shining One

Shops:
D:4 (

Annotations:
D:5 Gravenous's ghost, novice OpIE; Grinder


Innate Abilities, Weirdness & Mutations

You do not eat or drink.
Your flesh is vulnerable to fire.
You are immune to poison.
Your flesh is cold resistant.
You are immune to negative energy.
You are immune to unholy pain and torment.
You can survive without breathing.


Message History

The orc priest calls down the wrath of Beogh upon you.
You are unaffected.
Evoke which item? (* to show all) (? for menu, Esc to quit)
Zapping:
k - a wand of magic darts {zapped: 9} (will waste charges)
Press: ? - help, Shift-Dir - straight line, f/p - orc priest
Aim: an orc priest, wielding a flail and wearing a scale mail (moderately wounded)
The magic dart hits the orc priest.
The orc priest is moderately wounded.
Evoking this partially-identified wand wasted a few charges.
The orc priest barely misses you.
Evoke which item? (* to show all) (? for menu, Esc to quit)
Zapping:
k - a wand of magic darts {zapped: 12} (will waste charges)
Press: ? - help, Shift-Dir - straight line, f/p - orc priest
Aim: an orc priest, wielding a flail and wearing a scale mail (moderately wounded)
The magic dart hits the orc priest.
The orc priest is moderately wounded.
Evoking this partially-identified wand wasted a few charges.
The orc priest mumbles some strange prayers to Beogh against you.
Something smites you!
You die...

#%.%# )...# #...#
##### #########
....###.<.....#
........#####.#
#.####))#####.#
#.##...)...##.######
#.##.#..##.#..)o@).#
#.##.#..##.#..####.#
#....................
####.#######.#####o#.#
##.## #... .#.#
###...########## #.#
o# # ......##.....#
#.# .# .#
.##...##(....# #.#
o##. .####........#
#.. o..g


You could see an orc priest.

Vanquished Creatures
  Pikel (D:5)
  An ice beast (D:5)
  A slave (D:5)
  2 sky beasts (D:5)
  A centaur (D:5)
  3 ogres
  Blork the orc (D:5)
  A scorpion (D:5)
  A hound (D:5)
  A giant frog skeleton (D:4)
  Crazy Yiuf (D:2)
  An orc wizard (D:3)
  2 worker ants
  A hound skeleton (D:4)
  3 adders
  2 oozes
  3 giant geckos
  13 orcs (D:3)
  3 giant cockroaches
  3 hobgoblins
  6 jackals
  5 kobolds
  4 quokkas
  A ball python (D:1)
  6 bats (D:1)
  2 giant newts (D:1)
  14 goblins
  10 rats
93 creatures vanquished.

Notes
Turn   | Place    | Note
--------------------------------------------------------------
     0 | D:1      | Sorcv the Mummy Enchanter began the quest for the Orb.
     0 | D:1      | Reached XP level 1. HP: 13/13 MP: 3/3
   110 | D:1      | Reached skill level 3 in Hexes
   135 | D:1      | Reached XP level 2. HP: 19/19 MP: 5/5
   139 | D:1      | Learned a level 2 spell: Ensorcelled Hibernation
   812 | D:1      | Reached XP level 3. HP: 7/24 MP: 6/6
   817 | D:1      | Learned a level 3 spell: Confuse
   925 | D:2      | Noticed Crazy Yiuf
   933 | D:2      | Killed Crazy Yiuf
   933 | D:2      | Reached skill level 4 in Stealth
   981 | D:2      | Found a sparkling altar of Nemelex Xobeh.
  1044 | D:2      | Found an opulent altar of Gozag.
  1114 | D:2      | Reached XP level 4. HP: 22/30 MP: 0/7
  1238 | D:3      | Noticed a moth of wrath
  1240 | D:3      | Found a bloodstained altar of Trog.
  1595 | D:3      | Noticed an ogre
  1610 | D:3      | Reached skill level 1 in Short Blades
  1622 | D:3      | Killed an ogre
  1622 | D:3      | Reached XP level 5. HP: 10/35 MP: 6/8
  1784 | D:4      | Noticed an ogre
  1784 | D:4      | Noticed an ogre
  1824 | D:4      | Noticed a phantom
  1827 | D:4      | Reached skill level 5 in Stealth
  1929 | D:4      | Found Ythrat's Weapon Emporium.
  2129 | D:4      | Found a staircase to the Ecumenical Temple.
  2138 | Temple   | Entered the Ecumenical Temple
  2196 | D:4      | Reached skill level 1 in Fighting
  2196 | D:4      | Reached XP level 6. HP: 39/43 MP: 9/9
  2340 | D:5      | Entered Level 5 of the Dungeon
  2382 | D:5      | Noticed Grinder
  2403 | D:5      | You fall through a shaft!
  2568 | D:5      | Reached XP level 7. HP: 50/50 MP: 10/10
  2652 | D:5      | Noticed Blork the orc
  2676 | D:5      | Killed Blork the orc
  2676 | D:5      | Reached skill level 6 in Stealth
  2768 | D:5      | Found a blossoming altar of Fedhas.
  2771 | D:5      | Found a glowing silver altar of Zin.
  2773 | D:5      | Found a shadowy altar of Dithmenos.
  2945 | D:5      | Noticed Pikel
  2962 | D:5      | Noticed Gravenous's ghost (novice OpIE)
  2982 | D:5      | Killed Pikel
  2982 | D:5      | Reached skill level 7 in Stealth
  2982 | D:5      | Reached XP level 8. HP: 45/56 MP: 2/11
  3036 | D:4      | Killed an ogre
  3084 | D:4      | Killed an ogre
  3248 | D:3      | Reached skill level 8 in Stealth
  3281 | D:3      | Killed from afar by an orc priest

Action                   |  1- 3 |  4- 6 |  7- 9 || total
-------------------------+-------+-------+-------++-------
Melee: Dagger            |   105 |   104 |    78 ||   287
 Cast: Corona            |     2 |     1 |     1 ||     4
       Ensorcelled Hiber |     6 |    11 |    32 ||    49
       Confuse           |     1 |    18 |     1 ||    20
Evoke: Wand              |       |       |     6 ||     6
  Use: Scroll            |       |     8 |       ||     8
 Stab: Sleeping          |    11 |    15 |    18 ||    44
       Confused          |     1 |     2 |       ||     3
